 Dungeon Crawl Stone Soup version 0.28-a0-1624-g820543e53a (webtiles) character file.

Game seed: 14241083190167290879

324 FelixFigueroa the Cudgeller (level 6, -1/50 HPs)
             Began as a Human Berserker on Jan 23, 2022.
             Was a Follower of Trog.
             Slain by an ogre (14 damage)
             ... on level 5 of the Dungeon.
             The game lasted 00:09:03 (3525 turns).

FelixFigueroa the Cudgeller (Human Berserker)       Turns: 3525, Time: 00:09:03

Health: -1/50      AC:  9    Str: 20    XL:     6   Next: 78%
Magic:  6/6        EV:  8    Int:  7    God:    Trog [*.....]
Gold:   146        SH:  0    Dex: 12    Spells: 5/5 levels left

rFire   . . .      SeeInvis .   a - +0 mace
rCold   . . .      Faith    .   (no shield)
rNeg    . . .      Spirit   .   g - +0 chain mail
rPois   .          Reflect  .   (no helmet)
rElec   .          Harm     .   (no cloak)
rCorr   .          Rampage  .   (no gloves)
Will    .....                   (no boots)
Stlth   ..........              (no amulet)
HPRegen 0.16/turn               (no ring)
MPRegen 0.10/turn               (no ring)

@: about to teleport, on berserk cooldown, slowed, very slow
A: no striking features
a: Renounce Religion, Berserk


You were on level 5 of the Dungeon.
You worshipped Trog.
Trog was aware of your devotion.
You visited 1 branch of the dungeon, and saw 5 of its levels.

You collected 146 gold pieces.

Inventory:

Hand Weapons
 a - a +0 mace (weapon)
Armour
 g - a +0 chain mail (worn)
Wands
 f - a wand of paralysis (7)
Scrolls
 c - 4 scrolls of identify {unknown}
 d - 2 scrolls of teleportation
 e - a scroll of enchant weapon {unknown}
 h - 2 scrolls of immolation {unknown}
 j - a scroll of holy word {unknown}
Potions
 b - 2 potions of lignification {unknown}
 i - 3 potions of curing
 k - a potion of mutation {unknown}
 l - a potion of magic {unknown}


   Skills:
 + Level 4.8 Fighting
 + Level 5.4 Maces & Flails
 - Level 3.0 Armour
 - Level 2.0 Dodging


You had 5 spell levels left.
You didn't know any spells.
Your spell library contained the following spells:

 Spells                   Type           Power      Damage    Failure   Level
 Summon Guardian Golem    Hex/Summ       0%         N/A       100%        3
 Orb of Destruction       Conj           0%         9d5       100%        7
 Spellforged Servitor     Conj/Summ      0%         N/A       100%        7


Dungeon Overview and Level Annotations

Branches:
Dungeon (5/15)
 Temple: D:4-7

Altars:


Message History

Trog accepts your kill.
You closely miss the rat. The rat bites you but does no damage.
A sky beast appears from thin air!
Reactivating autopickup.
You hit the rat.
You kill the rat!
Trog accepts your kill.
You completely miss the ogre.
The ogre hits you with a +0 giant club!!
You barely miss the ogre.
A rat comes into view.
You hit the ogre.
The ogre is moderately wounded.
The ogre hits you with a +0 giant club!
You hit the ogre.
The ogre is moderately wounded.
You barely miss the ogre.
The ogre is moderately wounded.
The ogre barely misses you.
You completely miss the ogre.
The ogre is moderately wounded.
You are no longer berserk.
You are exhausted.
You feel yourself slow down.
You sock the ogre!
The ogre is severely wounded.
A rat comes into view.
The ogre hits you with a +0 giant club. The ogre hits you with a +0 giant club!
* * * LOW HITPOINT WARNING * * *
The sky beast flickers out of sight!
Deactivating autopickup; reactivate with Ctrl-A.
The rat moves out of view.
It was a potion of curing.
You feel better.
A rat comes into view.
The ogre barely misses you.
A sky beast appears from thin air!
Reactivating autopickup.
The rat moves out of view.
As you read the scroll of teleportation, it crumbles to dust.
You feel strangely unstable. The ogre hits you with a +0 giant club!
You die...

######
.....#
.......##
r ......#
# #.
rl....#
#.####
.##OYw..r.
..#.##.#@#
#.#..##.#
#...#.##
#....##
#.#†#.# #.
#†#.# #.
##..#. #
#.####.
#†## ##


You could see a sky beast, an ogre, an iguana, a river rat, a dart slug and a
rat (wandering).

Vanquished Creatures
  2 hounds
  A bullfrog skeleton (D:5)
  A centaur skeleton (D:3)
  An iguana (D:5)
  9 adders
  3 river rats (D:5)
  A white imp (D:4)
  4 dart slugs
  4 orcs
  2 bats
  2 endoplasms
  2 giant cockroaches
  3 goblins
  5 hobgoblins
  3 quokkas (D:5)
  9 ball pythons
  2 frilled lizards
  4 kobolds
  10 rats
68 creatures vanquished.

Vanquished Creatures (others)
  A giant cockroach (D:1)
1 creature vanquished.

Grand Total: 69 creatures vanquished

Notes
Turn   | Place    | Note
-------+----------+-------------------------------------------
     0 | D:1      | FelixFigueroa the Human Berserker began the quest for the
                  | Orb.
     0 | D:1      | Reached XP level 1. HP: 18/18 MP: 1/1
    89 | D:1      | Reached XP level 2. HP: 21/24 MP: 2/2
   277 | D:1      | Found a faded altar of an unknown god.
   371 | D:1      | You fall into a shaft and drop 1 floor!
   376 | D:2      | Reached XP level 3. HP: 29/29 MP: 3/3
   661 | D:2      | Reached XP level 4. HP: 35/35 MP: 4/4
   664 | D:2      | Reached skill level 4 in Maces & Flails
  1445 | D:3      | Reached XP level 5. HP: 37/41 MP: 5/5
  2351 | D:4      | Reached XP level 6. HP: 47/48 MP: 6/6
  3124 | D:5      | Entered Level 5 of the Dungeon
  3188 | D:5      | Reached skill level 5 in Maces & Flails
  3498 | D:5      | Noticed an ogre
  3498 | D:5      | Noticed a sky beast
  3511 | D:5      | Noticed an ogre
  3525 | D:5      | Slain by an ogre

Illustrated notes

Levels and vault maps discovered:
D:1:      minmay_arrival_plants_in_alcoves, layout_loops_cross,
          ebering_ecumenical_altar_petrified, minmay_close_crescents
D:2:      layout_basic, hangedman_abyss_or_decor_stabs, st_stairs_9
D:3:      layout_basic, chequers_decorated_corner, minivault_14
D:4:      layout_basic
D:5:      lemuel_ratsnest, layout_basic, nicolae_figureground_sparkle

Skill      XL: |  1  2  3  4  5  6 |
---------------+-------------------+-----
Maces & Flails | 4 5 |  5.4
Armour         | 3 |  3.0
Fighting       | 4 |  4.8
Dodging        | |  2.0

Action                   |  1- 3 |  4- 6 || total
-------------------------+-------+-------++-------
Melee: Mace              |    47 |   172 ||   219
Invok: Berserk           |     3 |    10 ||    13
  Use: Scroll            |       |     3 ||     3
       Potion            |       |     1 ||     1
Armor: Animal skin       |     1 |       ||     1
       Leather armour    |     1 |       ||     1
       Chain mail        |     8 |    84 ||    92
Dodge: Dodged            |    28 |    70 ||    98

Table legend: (Time is in decaauts)
 A = Elapsed time spent in this place.
 B = Non-inter-level travel time spent in this place.
 C = Inter-level travel time spent in this place.
 D = Time resting spent in this place.
 E = Time spent auto-exploring this place.
 F = Levels seen in this place.
 G = Mean time per level.
                   A        B        C        D        E       F      G
               +--------+--------+--------+--------+--------+-----+--------+
         Total |   3658 |   3609 |     49 |    885 |   2064 |   5 |  731.6 |
       Dungeon |   3658 |   3609 |     49 |    885 |   2064 |   5 |  731.6 |
               +--------+--------+--------+--------+--------+-----+--------+

Top non-repeatable levels by time:
     D:3: 1219 daAuts
     D:4: 1147 daAuts
     D:2: 501 daAuts
     D:5: 413 daAuts
     D:1: 376 daAuts
